 Dungeon Crawl Stone Soup version 0.27.1-2-g3b301248ec (webtiles) character file.

Game seed: 12116001547075140341

94 raph the Poker (level 4, 0/35 HPs)
             Began as a Merfolk Gladiator on Sept 26, 2021.
             Was a Follower of Elyvilon.
             Killed from afar by Sigmund (7 damage)
             ... with a magic dart
             ... on level 3 of the Dungeon.
             The game lasted 00:03:30 (3001 turns).

raph the Poker (Merfolk Gladiator)                  Turns: 3001, Time: 00:03:30

Health: 0/35       AC:  5    Str: 14    XL:     4   Next: 63%
Magic:  4/4        EV: 14    Int:  7    God:    Elyvilon [*.....]
Gold:   60         SH:  0    Dex: 22    Spells: 2/3 levels left

rFire    . . .     SeeInvis .   a - +0 trident
rCold    . . .     Faith    .   (no shield)
rNeg     . . .     Spirit   .   b - +0 leather armour
rPois    .         Reflect  .   h - +1 helmet of Vor Zeyqy {rCorr Dex+6}
rElec    .         Harm     .   (no cloak)
rCorr    +         Rampage  .   (no gloves)
Will     .....                  (no boots)
Stlth    ++........             (no amulet)
HPRegen  0.11/turn              j - ring of resist corrosion
MPRegen  0.09/turn              (no ring)

@: lethally poisoned (0 -> -18)
A: (nimble swimmer 2), mertail
a: Renounce Religion, Lesser Healing, Divine Protection


You were on level 3 of the Dungeon.
You worshipped Elyvilon.
Elyvilon was aware of your devotion.
You visited 1 branch of the dungeon, and saw 3 of its levels.

You collected 60 gold pieces.

Inventory:

Hand Weapons
 a - a +0 trident (weapon)
Missiles
 d - 2 throwing nets (quivered)
Armour
 b - a +0 leather armour (worn)
 c - a +0 helmet
 h - the +1 helmet of Vor Zeyqy (worn) {rCorr Dex+6}
   (You took it off Robin on level 2 of the Dungeon)

   Dex:       It affects your dexterity (+6).
   rCorr:     It protects you from acid and corrosion.
Jewellery
 j - a ring of resist corrosion (left hand)
Wands
 g - a wand of digging (2)
Scrolls
 f - a scroll of teleportation {unknown}
 i - a scroll of summoning {unknown}
 k - a scroll of acquirement {unknown}
 l - a scroll of magic mapping {unknown}
Potions
 e - a potion of might {unknown}


   Skills:
 + Level 3.0 Fighting
 * Level 5.8 Polearms
 - Level 2.6 Throwing
 + Level 4.7 Dodging
 + Level 0.5 Invocations


You had 2 spell levels left.
You knew the following spells:

 Your Spells              Type           Power      Damage    Failure   Level
a - Corona                Hex            0%         N/A       52%         1

Your spell library contained the following spells:

 Spells                   Type           Power      Damage    Failure   Level
 Animate Skeleton         Necr           0%         N/A       52%         1
 Apportation              Tloc           0%         N/A       52%         1
 Summon Small Mammal      Summ           0%         N/A       52%         1


Dungeon Overview and Level Annotations

Branches:
Dungeon (3/15)

Altars:
Elyvilon

Annotations:
D:3 Sigmund


Innate Abilities, Weirdness & Mutations

((You are quick and stealthy near water. (Stealth+, EV+, Speed+++)))
Your lower body shifts to a powerful aquatic tail in water.


Message History

Found a large iron ring.
Found a stone staircase leading down.
There is a stone staircase leading up here.
The helpless goblin fails to defend itself.
You puncture the goblin!
You kill the goblin!
A kobold and Sigmund come into view.
Sigmund is wielding a +2 scythe of venom.
Sigmund shouts!
You reach to attack!
You completely miss the goblin. You closely miss the goblin.
The goblin hits you with a +0 club.
Sigmund mumbles some strange words.
Sigmund flickers and vanishes!
Deactivating autopickup; reactivate with Ctrl-A.
You barely miss the goblin.
The kobold shouts!
The goblin hits you with a +0 club. Something hits you.
You barely miss the goblin. The goblin barely misses you.
The kobold throws a stone.
You puncture the goblin!
You kill the goblin!
You hear some strange, mumbled words.
A puff of flame appears from out of thin air!
The puff of flame hits you. Something hits you but does no damage.
You are poisoned.
The kobold throws a stone.
The stone barely misses you.
You hit something.
You feel very sick.
The kobold throws a stone.
The stone hits you but does no damage. Something barely misses you.
You closely miss something.
You feel sick.
The kobold throws a stone.
You closely miss something.
You feel sick. Something hits you!
You are lethally poisoned!
The kobold throws a stone.
* * * LOW HITPOINT WARNING * * *
You feel very sick.
You hear some strange, mumbled words.
A magic dart appears from out of thin air!
The magic dart hits you!
You die...

. .###
##.#...
#..... #.#=.#
####.#..#
####.....>.
#......).#
#..###.#
#.@{..K#
#.###.##.....
#....<.# ....
#####.)......
.........
#.###..... ..
.#### ##. #
#.


You could see a kobold.

Vanquished Creatures
  Robin (D:2)
  A gnoll (D:1)
  An adder (D:2)
  An orc (D:2)
  3 ball pythons
  4 bats
  7 endoplasms
  4 giant cockroaches
  4 hobgoblins (D:1)
  3 jackals (D:2)
  A quokka (D:2)
  4 frilled lizards (D:2)
  14 goblins
  4 kobolds
  4 rats
56 creatures vanquished.

Notes
Turn   | Place    | Note
-------+----------+-------------------------------------------
     0 | D:1      | raph the Merfolk Gladiator began the quest for the Orb.
     0 | D:1      | Reached XP level 1. HP: 16/16 MP: 1/1
   345 | D:1      | Reached XP level 2. HP: 19/23 MP: 2/2
   419 | D:1      | Learned a level 1 spell: Corona
   488 | D:1      | Reached skill level 5 in Polearms
  1034 | D:2      | Reached XP level 3. HP: 28/28 MP: 3/3
  1166 | D:2      | Identified the +1 helmet of Vor Zeyqy {rCorr Dex+6}
  1166 | D:2      | Noticed Robin
  2326 | D:2      | Killed Robin
  2327 | D:2      | Reached XP level 4. HP: 34/34 MP: 4/4
  2456 | D:2      | Found a faded altar of an unknown god.
  2469 | D:2      | Became a worshipper of Elyvilon the Healer
  2469 | D:2      | Reached * piety under Elyvilon
  2990 | D:3      | Noticed Sigmund
  3001 | D:3      | Killed from afar by Sigmund

Illustrated notes

Levels and vault maps discovered:
D:1:      ncdulo_wetmaze, layout_loops_ring, minivault_19,
          chequers_serial_rivers_large_b, minmay_strange_pillars
D:2:      minmay_inner_zag, layout_basic, basic_ecumenical_altar,
          grunt_ministairs_3, chequers_jeans, uniq_robin
D:3:      layout_loops_cross, uniq_sigmund, uniq_jessica, uniq_grinder

Skill      XL: |  1  2  3  4 |
---------------+-------------+-----
Polearms       | 5 |  5.8
Fighting       | 3 |  3.0
Throwing       | |  2.6
Dodging        | |  4.7
Invocations    | |  0.5

Action                   |  1- 3 |  4- 6 || total
-------------------------+-------+-------++-------
Melee: Trident           |   113 |    61 ||   174
Throw: Throwing net      |     2 |       ||     2
 Stab: Sleeping          |     1 |     1 ||     2
Armor: Leather armour    |    46 |     8 ||    54
Dodge: Dodged            |   104 |    32 ||   136
